 Dungeon Crawl Stone Soup version 0.25.1-1-g288607f5aa (webtiles) character file.

Game seed: 1551018638426387776

2 Descartes the Ducker (level 1, 0/9 HPs)
             Began as a Felid Wanderer on July 23, 2020.
             Slain by a kobold
             ... wielding a +0 dagger
              (4 damage)
             ... on level 1 of the Dungeon.
             The game lasted 00:00:26 (243 turns).

Descartes the Ducker (Felid Wanderer)                Turns: 243, Time: 00:00:27

Health: 0/9        AC:  1    Str:  6    XL:     1   Next: 33%
Magic:  3/3        EV: 18    Int: 15    God:
Gold:   25         SH:  0    Dex: 15    Spells: 2/2 levels left
                                        Lives:  0   Deaths: 0

rFire    . . .     SeeInvis +     - Unarmed
rCold    . . .     Gourm    .   (shield unavailable)
rNeg     . . .     Faith    .   (armour unavailable)
rPois    .         Spirit   .   (helmet unavailable)
rElec    .         Reflect  .   (cloak unavailable)
rCorr    .         Harm     .   (gloves unavailable)
MR       .....                  (boots unavailable)
Stlth    ++........             (no amulet)
HPRegen  0.03/turn              (no ring)
MPRegen  0.08/turn              (no ring)

@: quick
A: very small, no armour, no weapons or thrown items, stealth, claws 1, fangs 3,
see invisible, carnivore, speed 1, shaggy fur 1, slow metabolism 1, sharp paws
a: no special abilities


You were on level 1 of the Dungeon.
You were very full.

You visited 1 branch of the dungeon, and saw 1 of its levels.

You collected 25 gold pieces.

Inventory:

Missiles
 h - 35 stones
Jewellery
 f - an uncursed ring of resist corrosion {unknown}
Scrolls
 b - a scroll of teleportation
 g - a scroll of identify {unknown}
Potions
 c - a potion of curing
 e - a potion of heal wounds {unknown}
Miscellaneous
 a - a phial of floods
Comestibles
 d - a ration


   Skills:
 - Level 1.0 Fighting
 - Level 2.6 Dodging
 + Level 2.1 Stealth
 - Level 2.0 Unarmed Combat
 - Level 1.0 Spellcasting
   Level 1.0 Conjurations
   Level 1.2 Charms
 - Level 1.1 Evocations


You had 2 spell levels left.
You didn't know any spells.
Your spell library was empty.

Dungeon Overview and Level Annotations

Branches:
Dungeon (1/15)

Altars:


Innate Abilities, Weirdness & Mutations

You cannot wear armour.
You are incapable of wielding weapons or throwing items.
Your paws allow you to move quietly. (Stealth)
You have sharp claws.
You have razor-sharp teeth.
You have supernaturally acute eyesight. (SInv)
You are carnivorous and can eat meat at any time.
You cover ground quickly.
You are covered in fur. (AC +1)
You have a slow metabolism.
Your sharp claws are effective at attacking unaware monsters.


Message History

You see here a bat skeleton. x2
Eating a chunk of flesh.
You eat the chunk of flesh.
This raw flesh tastes great.
You see here a bat skeleton.
A kobold comes into view. It is wielding a +0 dagger.
The kobold shouts!
The kobold throws a stone.
The stone misses you.
A hobgoblin comes into view.
Found 4 gold pieces.
The kobold throws a stone.
The stone misses you.
The hobgoblin shouts!
You scratch the hobgoblin but do no damage.
The hobgoblin hits you.
You closely miss the kobold. The kobold barely misses you.
The hobgoblin hits you.
You are too injured to fight recklessly!
You are too injured to fight recklessly!
You scratch the kobold but do no damage.
The kobold hits you with a +0 dagger.
You die...

#.......#.#
#.#.###.#.#
#.#รท###.#.#
#.#.....#.#
#.#######.#
#.....(...####
####.........#
#.....###.###...
#.###.##.@K#
#.#...g.#
#.#.....#
#.#.....#
#.##...##
#.######


You could see a hobgoblin and a kobold.

Vanquished Creatures
  A goblin (D:1)
  A bat (D:1)
  A rat (D:1)
3 creatures vanquished.

Notes
Turn   | Place    | Note
-------+----------+-------------------------------------------
     0 | D:1      | Descartes the Felid Wanderer began the quest for the Orb.
     0 | D:1      | Descartes set off with the following items: a phial of
                  | floods, a scroll of teleportation, a potion of curing, a
                  | ration
     0 | D:1      | Reached XP level 1. HP: 9/9 MP: 3/3
   243 | D:1      | Slain by a kobold

Illustrated notes

Levels and vault maps discovered:
D:1:      matt_arrival_refuge, layout_basic, kennysheep_another_room,
          corexii_leaking_fountain, st_stairs_14, minmay_crystal_water,
          minmay_misc_feat_enclosed

Skill      XL: |  1 |
---------------+----+-----
Stealth        | 2 |  2.1
Fighting       | |  1.0
Dodging        | |  2.6
Unarmed Combat | |  2.0
Spellcasting   | |  1.0
Conjurations   | |  1.0
Charms         | |  1.2
Evocations     | |  1.1

Action                   || total
-------------------------++-------
Melee: Unarmed           ||     7
 Stab: Sleeping          ||     1
  Eat: Chunk             ||     4
Dodge: Dodged            ||     3
